 Dungeon Crawl Stone Soup version 0.27.1-4-g1640c2035a (webtiles) character file.

Game seed: 8436713891002741555

475 Descartes the Shield-Bearer (level 6, 0/47 HPs)
             Began as a Demonspawn Fighter on Nov 17, 2021.
             Slain by a scorpion (5 damage)
             ... on level 4 of the Dungeon.
             The game lasted 00:07:08 (3252 turns).

Descartes the Shield-Bearer (Demonspawn Fighter)    Turns: 3252, Time: 00:07:09

Health: 0/47       AC:  6    Str: 16    XL:     6   Next: 84%
Magic:  6/6        EV: 11    Int: 12    God:
Gold:   193        SH: 10    Dex: 12    Spells: 3/5 levels left

rFire    . . .     SeeInvis .   a - +0 long sword
rCold    + . .     Faith    .   c - +0 kite shield
rNeg     . . .     Spirit   .   b - +0 scale mail
rPois    .         Reflect  .   (helmet restricted)
rElec    .         Harm     .   (no cloak)
rCorr    .         Rampage  .   (no gloves)
Will     .....                  (no boots)
Stlth    ..........             (no amulet)
HPRegen  0.15/turn              g - +4 ring of evasion
MPRegen  0.10/turn              j - ring of protection from cold

@: lethally poisoned (0 -> -8)
A: horns 1, foul stench 2, spiny 2
a: no special abilities


You were on level 4 of the Dungeon.
You visited 1 branch of the dungeon, and saw 4 of its levels.

You collected 193 gold pieces.

Inventory:

Hand Weapons
 a - a +0 long sword (weapon)
Missiles
 e - 3 atropa-tipped darts (quivered)
 i - 28 stones
 l - 12 arrows
 o - a throwing net
 p - 26 poisoned darts
Armour
 b - a +0 scale mail (worn)
 c - a +0 kite shield (worn)
Jewellery
 g - a +4 ring of evasion (left hand)
 j - a ring of protection from cold (right hand)
 t - a ring of ice
Scrolls
 f - 3 scrolls of identify {unknown}
 k - a scroll of torment {unknown}
 m - a scroll of noise {unknown}
 r - a scroll of enchant weapon {unknown}
 s - a scroll of silence {unknown}
Potions
 d - a potion of degeneration {unknown}
 h - a potion of curing {unknown}
 n - a potion of flight
 q - a potion of ambrosia


   Skills:
 - Level 3.0 Fighting
 - Level 1.7 Long Blades
 - Level 2.6 Armour
 + Level 7.1 Shields
 + Level 0.0 Necromancy


You had 3 spell levels left.
You knew the following spells:

 Your Spells              Type           Power      Damage    Failure   Level
a - Sublimation of Blood  Necr           0%         N/A       99%         2

Your spell library contained the following spells:

 Spells                   Type           Power      Damage    Failure   Level
 Animate Skeleton         Necr           0%         N/A       97%         1
 Pain                     Necr           0%         1d4       97%         1
 Wereblood                Tmut           0%         N/A       99%         2
 Vampiric Draining        Necr           0%         2d6       100%        3
 Summon Hydra             Summ           0%         N/A       100%        7


Dungeon Overview and Level Annotations

Branches:
Dungeon (4/15)
 Temple: D:4-7

Altars:
Gozag
Vehumet

Annotations:
D:4 3 runed translucent doors


Innate Abilities, Weirdness & Mutations

You have a pair of small horns on your head.
You sometimes emit foul miasma when damaged in melee.
You are mostly covered in sharp spines.


Message History

You barely miss the ogre. Your headbutt misses the ogre.
The ogre is moderately wounded.
The scorpion is struck by your spines. The scorpion misses you.
The scorpion closely misses you.
You riposte.
You hit the scorpion. Your headbutt misses the scorpion.
The scorpion is moderately wounded.
You block the ogre's attack.
You hit the scorpion but do no damage.
The scorpion is moderately wounded.
You block the scorpion's attack. The ogre is struck by your spines.
The ogre hits you with a +0 giant club!!
You emit a cloud of foul miasma!
The scorpion stings you.
You are poisoned.
The scorpion poisons you!
You are too injured to fight recklessly!
You hit the ogre. Your headbutt misses the ogre.
The ogre is heavily wounded.
You feel very sick. The scorpion is struck by your spines.
The scorpion barely misses you.
The ogre is engulfed in dark miasma.
The ogre is poisoned.
You block the ogre's attack. The scorpion stings you.
You are lethally poisoned!
The scorpion poisons you!
You closely miss the ogre.
You headbutt the ogre, but do no damage.
The ogre is severely wounded.
* * * LOW HITPOINT WARNING * * *
You feel very sick.
The ogre is engulfed in dark miasma.
The ogre looks even sicker.
The ogre closely misses you.
You riposte.
You hit the ogre but do no damage. Your headbutt misses the ogre.
The ogre is almost dead.
The scorpion is struck by your spines.
The scorpion stings you but does no damage.
You hit the ogre. You headbutt the ogre.
You kill the ogre!
* * * LOW HITPOINT WARNING * * *
You feel very sick. The scorpion is struck by your spines.
The scorpion stings you.
You die...

#..........#
#..........#
#..........#
#..........# .
#..........# ...
#..........#
....####+#.....#
......s..#.....#
......○@.'.....#
.........#.....#
.........#.....#
.........+.....#
....##...#.....#
.... #####.....#
.>. #.....# ..
#.....#


You could see a scorpion.

Vanquished Creatures
  Grinder (D:3)
  An ogre (D:4)
  A scorpion (D:3)
  Natasha (thrice) (D:2)
  3 gnolls (D:2)
  4 adders
  2 adder skeletons (D:4)
  A worm (D:4)
  2 dart slugs (D:1)
  5 bats
  7 endoplasms
  A giant cockroach (D:1)
  8 hobgoblins
  6 quokkas
  2 ball pythons
  2 frilled lizards
  2 goblins
  3 kobolds
  2 rats
56 creatures vanquished.

Notes
Turn   | Place    | Note
-------+----------+-------------------------------------------
     0 | D:1      | Descartes the Demonspawn Fighter began the quest for the
                  | Orb.
     0 | D:1      | Reached XP level 1. HP: 18/18 MP: 1/1
   109 | D:1      | Reached skill level 3 in Shields
   156 | D:1      | Gained mutation: You are partially covered in sharp spines.
                  | [demonic ancestry]
   156 | D:1      | Reached XP level 2. HP: 22/24 MP: 2/2
   782 | D:2      | Reached skill level 4 in Shields
   782 | D:2      | Gained mutation: You may rarely emit foul miasma when
                  | damaged in melee. [demonic ancestry]
   782 | D:2      | Reached XP level 3. HP: 21/29 MP: 3/3
   836 | D:2      | Gained mutation: You are mostly covered in sharp spines.
                  | [demonic ancestry]
   836 | D:2      | Reached XP level 4. HP: 24/35 MP: 4/4
  1143 | D:2      | Learned a level 2 spell: Sublimation of Blood
  1405 | D:3      | Found a radiant altar of Vehumet.
  1510 | D:3      | Noticed Grinder
  1526 | D:3      | Paralysed by Grinder for 4 turns
  1546 | D:3      | Killed Grinder
  1547 | D:3      | Reached skill level 6 in Shields
  1547 | D:3      | Gained mutation: You have a pair of small horns on your
                  | head. [demonic ancestry]
  1547 | D:3      | Reached XP level 5. HP: 7/41 MP: 5/5
  1547 | D:3      | Gained mutation: You sometimes emit foul miasma when
                  | damaged in melee. [demonic ancestry]
  1547 | D:3      | Reached XP level 6. HP: 8/47 MP: 6/6
  1814 | D:3      | Noticed Natasha
  1821 | D:2      | Killed Natasha
  1914 | D:2      | Noticed Natasha
  1921 | D:2      | Killed Natasha
  2375 | D:2      | Noticed Natasha
  2381 | D:2      | Killed Natasha
  2951 | D:3      | Reached skill level 7 in Shields
  3057 | D:4      | Found a runed translucent gate.
  3057 | D:4      | Found a runed translucent gate.
  3057 | D:4      | Found a runed translucent gate.
  3058 | D:4      | Found an opulent altar of Gozag.
  3252 | D:4      | Slain by a scorpion

Illustrated notes

Levels and vault maps discovered:
D:1:      moated_graveyard_arrival, layout_loops_ring, serial_bayou_lagoon_b
D:2:      layout_basic, minmay_quantized
D:3:      layout_basic, amcnicky_altar_gilded, nrook_mini_backslash,
          chequers_hall_statues_corner_a, uniq_grinder, uniq_natasha
D:4:      minmay_polygon_palace, layout_gridville, mainiacjoe_overflow_alcove_2,
          mainiacjoe_overflow_concentric_impassable, ebering_ghost_gozag,
          uniq_robin

Skill      XL: |  1  2  3  4  5  6 |
---------------+-------------------+-----
Shields        | 3 4 6 7 |  7.1
Fighting       | |  3.0
Long Blades    | |  1.7
Armour         | |  2.6

Action                   |  1- 3 |  4- 6 || total
-------------------------+-------+-------++-------
Melee: Long sword        |    55 |    90 ||   145
       Headbutt          |       |     8 ||     8
  Use: Potion            |       |     4 ||     4
Armor: Scale mail        |    14 |    26 ||    40
       Skin              |       |    20 ||    20
Dodge: Dodged            |    23 |    31 ||    54
Block: Kite shield       |    36 |    54 ||    90
       Rpst.: Long sword |    10 |     9 ||    19
